 Dungeon Crawl Stone Soup version 0.23.2-1-ga50397a6bc (webtiles) character file.

Game seed: 9749496725104225175

1236 Mrkan the Grappler (level 8, -7/74 HPs)
             Began as a Troll Monk on May 31, 2019.
             Was a Believer of Ru.
             Mangled by an orc warrior
             ... wielding a +0 hand axe
              (16 damage)
             ... on level 6 of the Dungeon.
             The game lasted 00:23:23 (5333 turns).

Mrkan the Grappler (Troll Monk)                     Turns: 5333, Time: 00:23:24

Health: -7/74      AC:  2    Str: 20    XL:     8   Next: 24%
Magic:  7/7        EV: 10    Int:  6    God:    Ru [**....]
Gold:   312        SH:  0    Dex: 14    Spells: 7/7 levels left

rFire    . . .     SeeInvis .     - Unarmed
rCold    . . .     Gourm    +   (no shield)
rNeg     . . .     Faith    .   a - +0 robe
rPois    .         Spirit   .   (helmet restricted)
rElec    .         Reflect  .   k - +0 cloak
rCorr    .         Harm     .   (gloves unavailable)
MR       .....                  (boots unavailable)
Stlth    ++........             (no amulet)
HPRegen  0.62/turn              (no ring)
MPRegen  0.10/turn              (no ring)

@: lethally poisoned (-7 -> -7), studying Crossbows
A: large, unfitting armour, claws 3, fast metabolism 3, gourmand, regeneration
1, shaggy fur 1, tough skin 3, reduced AC 1, missing an eye
a: Renounce Religion


You were on level 6 of the Dungeon.
You worshipped Ru.
Ru was pleased with you.
You were not hungry.

You visited 2 branches of the dungeon, and saw 7 of its levels.

You collected 312 gold pieces.

Inventory:

Hand Weapons
 u - a +2 whip of flaming
 x - a +0 arbalest
 F - the +5 flail of Eternal Vigilance {crush, *Drain Int+4 Dex+3, unknown}
   (You found it on level 6 of the Dungeon)

   It inflicts extra damage upon your enemies.
   It affects your intelligence (+4).
   It affects your dexterity (+3).
   It causes draining when unequipped.
Missiles
 j - 14 tomahawks (quivered)
Armour
 a - a +0 robe (worn)
 k - a +0 cloak (worn)
Jewellery
 r - a cursed ring of teleportation {unknown}
 t - a cursed amulet of the acrobat {unknown}
Wands
 o - a wand of iceblast (9)
 p - a wand of clouds (6)
 E - a wand of random effects (16)
Scrolls
 c - 7 scrolls of remove curse {unknown}
 d - a scroll of enchant weapon {unknown}
 e - 4 scrolls of amnesia {unknown}
 f - 8 scrolls of identify {unknown}
 i - 2 scrolls of blinking {unknown}
 l - 4 scrolls of enchant armour {unknown}
 m - 2 scrolls of fear {unknown}
 q - 3 scrolls of teleportation {unknown}
Potions
 g - a potion of magic {unknown}
 h - a potion of might {unknown}
 n - a potion of flight {unknown}
 s - a potion of ambrosia {unknown}
 v - 2 potions of heal wounds {unknown}
 w - a potion of berserk rage {unknown}
 z - a potion of agility {unknown}
 A - 3 potions of degeneration {unknown}
 B - a potion of lignification {unknown}
 C - a potion of invisibility {unknown}
 D - a potion of mutation {unknown}
Books
 y - a manual of Crossbows
Comestibles
 b - 14 rations


   Skills:
 - Level 2.4 Fighting
 * Level 3.9 Crossbows
 - Level 2.4 Dodging
 - Level 1.0 Stealth
 - Level 9.5 Unarmed Combat


You had 7 spell levels left.
You didn't know any spells.
Your spell library was empty.

Dungeon Overview and Level Annotations

Branches:
Dungeon (6/15)             Temple (1/1) D:4

Altars:
Ashenzari
Cheibriados
Dithmenos
Elyvilon
Gozag
Hepliaklqana
Kikubaaqudgha
Makhleb
Nemelex Xobeh
Okawaru
Qazlal
Ru
Sif Muna
Trog
Uskayaw
Vehumet
Wu Jian
Xom
Yredelemnul
Zin
The Shining One

Shops:
D:5 :

Annotations:
D:3 1 runed translucent door, Thantalas's ghost, amateur MiBe


Innate Abilities, Weirdness & Mutations

You are too large for most types of armour.
You have claws for hands.
Your metabolism is lightning-fast.
You like to eat raw meat.
Your natural rate of healing is unusually fast.
You are covered in fur. (AC +1)
You have extremely tough skin. (AC +3)
You take slightly more damage. (AC -5)
You are missing an eye, making it more difficult to aim.


Message History

You claw the orc warrior!
The orc warrior is moderately wounded.
You feel sick.
You scratch the orc warrior.
The orc warrior is heavily wounded.
You feel sick.
You feel sick.
You feel sick.
The orc priest calls upon Beogh to heal the orc warrior.
The orc warrior is healed somewhat.
You feel sick.
You feel sick.
The orc priest looks encouraged for a moment.
The orc priest calls down the wrath of Beogh upon you.
Beogh smites you!
* * * LOW HITPOINT WARNING * * *
As you open the door, it creaks loudly!
You feel sick.
The orc warrior hits you with a +0 hand axe!
You die...

...........# ...........#
...........# ...........#
...........# # ...........# ##+#.
o..o.......# #.>...#+#######†#
#.....'@oo......#......#
#.....#...o.....#......#
+.....#.........#>.....#
#.....#...##....#......#
########.....#...##....#......#
#............#.........#......#
#............#.........#......#
###............#.........#.......
..#............#...##....#.......


You could see an orc warrior, an orc priest and an orc.

Vanquished Creatures
  Duvessa (D:6)
  A phantom (D:5)
  A necrophage (D:6)
  A centaur (D:5)
  2 ogres (D:5)
  Dowan (D:6)
  2 howler monkeys (D:5)
  A centaur zombie (D:5)
  3 centaur skeletons
  A hound (D:4)
  Jessica (D:3)
  A bullfrog skeleton (D:5)
  6 orc wizards
  A worker ant (D:6)
  3 adders
  3 shadow imps
  An adder skeleton (D:5)
  An adder zombie (D:6)
  4 worms
  2 dart slugs
  4 leopard geckos
  24 orcs
  8 bats
  8 giant cockroaches
  6 goblins
  4 hobgoblins
  12 jackals
  7 kobolds
  5 quokkas
  3 ball pythons
  6 frilled lizards
  4 rats
128 creatures vanquished.

Notes
Turn   | Place    | Note
-------+----------+-------------------------------------------
     0 | D:1      | Mrkan the Troll Monk began the quest for the Orb.
     0 | D:1      | Reached XP level 1. HP: 22/22 MP: 0/0
   211 | D:1      | Reached XP level 2. HP: 28/29 MP: 1/1
   491 | D:2      | Reached skill level 4 in Unarmed Combat
   625 | D:2      | Reached XP level 3. HP: 33/36 MP: 2/2
  1367 | D:3      | Reached XP level 4. HP: 43/44 MP: 3/3
  1450 | D:3      | Reached skill level 5 in Unarmed Combat
  1477 | D:3      | Found a runed translucent door.
  1480 | D:3      | Noticed Thantalas's ghost (amateur MiBe)
  1624 | D:3      | Noticed Jessica
  1631 | D:3      | Killed Jessica
  2116 | D:4      | Reached skill level 6 in Unarmed Combat
  2116 | D:4      | Reached XP level 5. HP: 50/50 MP: 4/4
  2667 | D:4      | Found a staircase to the Ecumenical Temple.
  2748 | D:4      | Reached XP level 6. HP: 58/59 MP: 5/5
  2914 | Temple   | Entered the Ecumenical Temple
  2974 | Temple   | Became a worshipper of Ru the Awakened
  2981 | D:4      | Gained mutation: You are missing an eye, making it more
                  | difficult to aim. [Ru sacrifice]
  2981 | D:4      | Reached * piety under Ru
  3014 | D:5      | Entered Level 5 of the Dungeon
  3078 | D:5      | Reached skill level 7 in Unarmed Combat
  3558 | D:5      | Found Nohiatre's Book Emporium.
  3731 | D:5      | Reached skill level 8 in Unarmed Combat
  3731 | D:5      | Reached XP level 7. HP: 57/66 MP: 6/6
  4133 | D:5      | Reached skill level 9 in Unarmed Combat
  4308 | D:5      | HP: 2/66 [electric eel/bolt of electricity (14)]
  4945 | D:6      | Noticed Duvessa
  4945 | D:6      | Noticed Dowan
  4972 | D:6      | Killed Duvessa
  4972 | D:6      | Reached XP level 8. HP: 28/74 MP: 7/7
  4991 | D:6      | Killed Dowan
  5202 | D:6      | Got an ancient flail
  5203 | D:6      | Gained mutation: You take slightly more damage. (AC -5) [Ru
                  | sacrifice]
  5203 | D:6      | Reached ** piety under Ru
  5333 | D:6      | Mangled by an orc warrior

Skill      XL: |  1  2  3  4  5  6  7  8 |
---------------+-------------------------+-----
Unarmed Combat | 4 6 8 9 |  9.5
Crossbows      | 2 3 |  3.9
Fighting       | |  2.4
Dodging        | |  2.4
Stealth        | |  1.0

Action                   |  1- 3 |  4- 6 |  7- 9 || total
-------------------------+-------+-------+-------++-------
Melee: Unarmed           |   104 |   148 |   154 ||   406
       Punch             |     1 |     1 |     6 ||     8
Invok: Sacrifice an Eye  |       |     1 |       ||     1
       Sacrifice Health  |       |       |     1 ||     1
 Stab: Sleeping          |     7 |     1 |     2 ||    10
  Eat: Chunk             |    12 |    24 |    14 ||    50
Armor: Robe              |    41 |    47 |    33 ||   121
Dodge: Dodged            |    55 |    61 |    75 ||   191
